 Dungeon Crawl Stone Soup version 0.28-a0-691-gad6df49e81 (webtiles) character file.

Game seed: 5874595471951877006

291 RepHenryClay the Chopper (level 6, -4/56 HPs)
             Began as a Naga Fighter on Oct 21, 2021.
             Slain by an ogre (26 damage)
             ... on level 3 of the Dungeon.
             The game lasted 00:05:44 (2892 turns).

RepHenryClay the Chopper (Naga Fighter)             Turns: 2892, Time: 00:05:44

Health: -4/56      AC:  9    Str: 20    XL:     6   Next: 32%
Magic:  6/6        EV:  5    Int:  8    God:
Gold:   15         SH:  4    Dex: 11    Spells: 5/5 levels left

rFire   . . .      SeeInvis +   b - +1 mace (venom)
rCold   . . .      Faith    .   c - +0 buckler
rNeg    . . .      Spirit   .   o - +1 chain mail {rPois}
rPois   +          Reflect  .   d - +1 helmet
rElec   .          Harm     .   (no cloak)
rCorr   .          Rampage  .   (no gloves)
Will    .....                   (no barding)
Stlth   ..........              (no amulet)
HPRegen 0.18/turn               (no ring)
MPRegen 0.10/turn               (no ring)

@: short of breath, very slow
A: AC +2, large, see invisible, deformed body, poison resistance, slowness 2,
spit poison 1, naga tail 1
a: Spit Poison


You were on level 3 of the Dungeon.
You visited 1 branch of the dungeon, and saw 3 of its levels.
You also visited: Sewer.

You collected 85 gold pieces.
You spent 70 gold pieces at shops.

Inventory:

Hand Weapons
 a - a +0 war axe
 b - a +1 mace of venom (weapon)
Missiles
 f - 19 poisoned darts (quivered)
Armour
 c - a +0 buckler (worn)
 d - a +1 helmet (worn)
 o - a +1 chain mail of poison resistance (worn)
Scrolls
 h - a scroll of acquirement {unknown}
 i - a scroll of fear {unknown}
 m - a scroll of torment {unknown}
 n - a scroll of blinking {unknown}
Potions
 e - 2 potions of heal wounds
 g - 3 potions of flight
 j - a potion of lignification
 k - a potion of cancellation
 l - a potion of haste


   Skills:
 - Level 3.0 Fighting
 + Level 6.5 Axes
 - Level 2.4 Armour
 - Level 2.4 Shields


You had 5 spell levels left.
You didn't know any spells.
Your spell library contained the following spells:

 Spells                   Type           Power      Damage    Failure   Level
 Ensorcelled Hibernation  Hex/Ice        0%         N/A       100%        2
 Slow                     Hex            0%         N/A       100%        2
 Confusing Touch          Hex            0%         N/A       100%        3
 Frozen Ramparts          Ice            0%         1d2       100%        3
 Spider Form              Tmut/Pois      0%         N/A       100%        3
 Ice Form                 Ice/Tmut       0%         N/A       100%        4
 Summon Ice Beast         Ice/Summ       0%         N/A       100%        4
 Yara's Violent Unravell  Hex/Tmut       0%         3d3       100%        5


Dungeon Overview and Level Annotations

Branches:
Dungeon (3/15)              Sewer (visited)

Altars:

Shops:
D:2 (=[*!


Innate Abilities, Weirdness & Mutations

Your serpentine skin is tough. (AC +2)
You have supernaturally acute eyesight. (SInv)
Armour fits poorly on your strangely shaped body.
Your system is resistant to poisons. (rPois)
You cover ground very slowly.
You can spit poison.
You have a snake-like lower body.


Message History

The ball python is moderately wounded.
The ball python bites you but does no damage.
You hit the ball python.
The ball python is poisoned.
The ball python is severely wounded.
The ball python bites you but does no damage. x2
You hit the ball python.
You kill the ball python!
No target in view!
You enter the shallow water.
Moving in this stuff is going to be slow.
A frilled lizard comes into view.
A frilled lizard is nearby!
You block the frilled lizard's attack.
You closely miss the frilled lizard.
The frilled lizard bites you but does no damage. x2
You thump the frilled lizard!
You kill the frilled lizard!
No target in view!
No target in view!
Found a whip.
An ogre comes into view. It is wielding a +0 giant club.
The ogre shouts!
An ogre is nearby!
The ogre hits you with a +0 giant club!!
Huge Dmg: -37%(-21hp) hp: 63%(35hp)
Press: ? - help, Shift-Dir - straight line, f - ogre
Aim: an ogre, wielding a +0 giant club The splash of poison hits the ogre.
The ogre is poisoned.
The ogre is lightly wounded.
The ogre barely misses you.
Okay, then.
You completely miss the ogre.
The ogre is lightly wounded.
The ogre hits you with a +0 giant club!
* * * LOW HITPOINT WARNING * * *
Huge Dmg: -23%(-13hp) hp: 40%(22hp)
You hit the ogre but do no damage.
The ogre looks even sicker.
The ogre is lightly wounded.
The ogre hits you with a +0 giant club!!
You die...

*,,,,,,,,≈,,* #.##.######
***,,***#P.#######......####
*,,* *#....†..#..†......###
*,,* #.#####.#..#†........
*,,* #,* ##.#..#.#.##.###
*,,#####.* ##.........##.#
*,,......###.###..#.####.#
*,,...).....## ##.#.# #.#
****...###@## **##..# #.#
**,**#.O####,,...# #.#
**,**#..#,...##..# #.#
*,,,*#...**#.#...# #.#
*,,,,....* #...#.# *,*
*,,,##.#.###...<.# *,*
*****#.*#.....).#########
#.*###.##...≈≈≈≈≈≈≈≈
*,**#.,,#..÷≈≈≈≈.≈≈≈


You could see an ogre (very poisoned).

Vanquished Creatures
  A black bear (D:3)
  A kobold brigand (Sewer)
  Terence (D:2)
  Robin (D:2)
  2 river rats (Sewer)
  2 orcs (D:3)
  7 ball pythons
  2 endoplasms
  5 giant cockroaches
  5 hobgoblins
  6 jackals
  6 quokkas
  3 bats
  2 frilled lizards
  14 goblins
  8 kobolds
  7 rats
73 creatures vanquished.

Notes
Turn   | Place    | Note
-------+----------+-------------------------------------------
     0 | D:1      | RepHenryClay the Naga Fighter began the quest for the Orb.
     0 | D:1      | Reached XP level 1. HP: 21/21 MP: 1/1
   207 | D:1      | Reached XP level 2. HP: 18/28 MP: 2/2
   425 | D:1      | Reached skill level 3 in Axes
   819 | D:1      | Found a faded altar of an unknown god.
  1137 | D:2      | Found Fawkel's Jewellery Boutique.
  1160 | D:2      | Found Ameleaf's Weapon Emporium.
  1230 | D:2      | Reached XP level 3. HP: 31/34 MP: 3/3
  1231 | D:2      | Noticed Robin
  1239 | D:2      | Killed Robin
  1240 | D:2      | Reached skill level 4 in Axes
  1513 | D:2      | Found Qody's Antique Armour Boutique.
  1518 | D:2      | Found Xionk's General Store.
  1613 | D:2      | Found Unium's Distillery.
  1621 | D:2      | Bought a potion of heal wounds for 70 gold pieces
  1627 | D:2      | Noticed Terence
  1640 | D:2      | Killed Terence
  1641 | D:2      | Reached XP level 4. HP: 38/42 MP: 4/4
  2060 | D:3      | Noticed a black bear
  2071 | D:3      | Killed a black bear
  2072 | D:3      | Reached skill level 5 in Axes
  2072 | D:3      | Reached XP level 5. HP: 12/49 MP: 5/5
  2340 | D:3      | Found a glowing drain.
  2362 | Sewer    | Entered a sewer
  2620 | Sewer    | Noticed a kobold brigand
  2653 | Sewer    | Reached skill level 6 in Axes
  2672 | Sewer    | Killed a kobold brigand
  2673 | Sewer    | Reached XP level 6. HP: 41/56 MP: 6/6
  2767 | Sewer    | Found a white marble altar of Elyvilon.
  2892 | D:3      | Slain by an ogre

Illustrated notes

Levels and vault maps discovered:
D:1:      heliophobic_arrival_ceremonial_halls, layout_loops_ring,
          shapermc_ecumenical_altar_mp_vishouse, minmay_tetromino_o4
D:2:      layout_basic, serial_shops, shop, shop, shop_fountains,
          nicolae_shop_waterfront, shop, amethyst_killhole,
          minmay_misc_feat_hallway, uniq_terence, uniq_robin
D:3:      wander_river, layout_loops_ring, pf_just_have_faith,
          portal_sewer_entry_f, serial_bayou_pond_c,
          chequers_serial_rivers_small_3, kennysheep_nub,
          minmay_fractal_squares_5

Skill      XL: |  1  2  3  4  5 |
---------------+----------------+-----
Axes           | 3 4 5 6 |  6.5
Fighting       | |  3.0
Armour         | |  2.4
Shields        | |  2.4

Action                   |  1- 3 |  4- 6 || total
-------------------------+-------+-------++-------
Melee: War axe           |    69 |    12 ||    81
       Mace              |    13 |    77 ||    90
Throw: Dart              |     1 |       ||     1
 Abil: Spit Poison       |     3 |     6 ||     9
  Use: Scroll            |     2 |     3 ||     5
       Potion            |     2 |       ||     2
Armor: Scale mail        |    42 |       ||    42
       Chain mail        |       |    68 ||    68
Dodge: Dodged            |    46 |    32 ||    78
Block: Buckler           |    24 |    19 ||    43

Table legend: (Time is in decaauts)
 A = Elapsed time spent in this place.
 B = Non-inter-level travel time spent in this place.
 C = Inter-level travel time spent in this place.
 D = Time resting spent in this place.
 E = Time spent auto-exploring this place.
 F = Levels seen in this place.
 G = Mean time per level.
                   A        B        C        D        E       F      G
               +--------+--------+--------+--------+--------+-----+--------+
         Total |   3653 |   3308 |    345 |    509 |   2212 |   4 |  913.2 |
       Dungeon |   3095 |   2750 |    345 |    314 |   1988 |   3 | 1031.7 |
         Sewer |    557 |    557 |      0 |    195 |    224 |   1 |  557.0 |
               +--------+--------+--------+--------+--------+-----+--------+

Top non-repeatable levels by time:
     D:1: 1393 daAuts
     D:2: 1290 daAuts
   Sewer: 557 daAuts
     D:3: 411 daAuts
